AoeStats
← mildepan

Arabia

506008043Analyzed
1v1 RM · 20d ago on Sep 12, 2026· 22m 49s· 2 players
Game mode
Random Map
Map size
Tiny (2 player)
Population
200
Speed
Normal
Resources
Standard
Victory
Conquest
Starting age
Dark Age
Ending age
Imperial Age
RankedLock teamsTeams togetherTeam positionsShared explorationLock speedFull tech treeHidden civsTurbo modeCheats
Victory
Defeat
🇧🇷 Shu · Brazil
1298
+16
🇨🇴 Goths · Colombia
1305
-16
[DCNC] Brunin
5:10 Loom
10:29 Feudal Age
10:53 Feudal Age
14:47 Castle Age
13:37 Double-Bit Axe
22:48 Gold Mining
mildepan
7:55 Loom
9:47 Feudal Age
10:07 Man-at-Arms
13:02 Double-Bit Axe
20:34 Castle Age
20:49 Scale Barding Armor
Connection lost

Rejoining the realm…

Still unreachable

The connection could not be restored.

Session expired

The server has moved on; the page needs a fresh start.